 Dungeon Crawl Stone Soup version 0.30-a0-341-g682706514a (webtiles) character file.

Game seed: 15313361252141320319

14068 Lanoc the Devastator (level 11, 0/54 HPs)
             Began as a Deep Elf Conjurer on Nov 1, 2022.
             Was an Elder of Fedhas.
             Shot with an arrow by a centaur warrior (7 damage)
             ... on level 11 of the Dungeon.
             The game lasted 00:29:12 (14461 turns).

Lanoc the Devastator (Deep Elf Conjurer)           Turns: 14461, Time: 00:29:12

Health: 0/54       AC: 11    Str:  4    XL:     11   Next: 83%
Magic:  16/26      EV: 19    Int: 28    God:    Fedhas [****..]
Gold:   577        SH:  0    Dex: 16    Spells: 16/28 levels left

rFire   . . .      SeeInvis .    T - staff of conjuration
rCold   . . .      Faith    .    (no shield)
rNeg    . . .      Spirit   .    x - +2 robe {Will+}
rPois   .          Reflect  .    O - +1 hat
rElec   .          Harm     .    (no cloak)
rCorr   .          Rampage  .    V - +0 pair of gloves of the Sea {Dex+3}
Will    +++..                    J - +0 pair of boots
Stlth   ++........               l - amulet of regeneration
HPRegen 1.09/turn                i - ring of willpower
MPRegen 0.20/turn                w - +4 ring of protection

@: no status effects
A: no striking features
a: Renounce Religion, Wall of Briars, Grow Ballistomycete, Overgrow


You were on level 11 of the Dungeon.
You worshipped Fedhas.
Fedhas was greatly pleased with you.
You visited 2 branches of the dungeon, and saw 13 of its levels.

You collected 642 gold pieces.
You spent 65 gold pieces at shops.

Inventory:

Hand Weapons
 C - a +3 spear
Missiles
 F - 2 throwing nets
 X - 5 curare-tipped darts
Armour
 x - a +2 robe of willpower (worn)
 J - a +0 pair of boots (worn)
 O - a +1 hat (worn)
 V - the +0 pair of gloves of the Sea (worn) {Dex+3}
   (You found it on level 9 of the Dungeon)

   Dex:       It affects your dexterity (+3).
Magical Staves
 T - a staff of conjuration (weapon)
Jewellery
 i - a ring of willpower (left hand)
 l - an amulet of regeneration (around neck)
 r - a ring of willpower
 w - a +4 ring of protection (right hand)
 z - a +6 ring of strength
 H - a ring of positive energy
 L - a ring of protection from cold
 U - a +6 ring of dexterity
 W - a ring of positive energy
 Y - a +4 ring of protection
Wands
 j - a wand of flame (42)
 v - a wand of charming (20)
 I - a wand of roots (3)
 P - a wand of digging (2)
Scrolls
 c - a scroll of noise {unknown}
 h - a scroll of fog
 n - 2 scrolls of immolation {unknown}
 o - a scroll of blinking {unknown}
 p - 2 scrolls of poison {unknown}
 q - 4 scrolls of enchant weapon {unknown}
 s - a scroll of summoning {unknown}
 u - a scroll of brand weapon {unknown}
 y - 5 scrolls of magic mapping {unknown}
 E - 4 scrolls of teleportation
 K - 3 scrolls of enchant armour {unknown}
 M - a scroll of vulnerability
 N - a scroll of torment
 Q - a scroll of amnesia
 S - a scroll of silence
Potions
 a - 5 potions of curing
 b - 2 potions of magic
 d - 5 potions of haste
 e - a potion of berserk rage {unknown}
 f - 5 potions of lignification
 g - a potion of cancellation {unknown}
 k - a potion of resistance
 m - 4 potions of invisibility
 t - a potion of mutation {unknown}
 A - 2 potions of might
 B - 3 potions of heal wounds
 D - 2 potions of brilliance {unknown}
 G - a potion of ambrosia {unknown}
 R - a potion of flight {unknown}


   Skills:
 + Level 12.7 Dodging
 - Level 2.4 Stealth
 + Level 9.4 Spellcasting
 * Level 16.4 Conjurations


You had 16 spell levels left.
You knew the following spells:

 Your Spells              Type           Power      Damage    Failure   Level
a - Magic Dart            Conj           100%       1d8       0%          1
b - Searing Ray           Conj           100%       2d8       0%          2
c - Iskenderun's Mystic   Conj/Tloc      73%        2d15      1%          4
d - Iskenderun's Battles  Conj           100%       2d15      1%          5

Your spell library contained the following spells:

 Spells                   Type           Power      Damage    Failure   Level
 Dazzling Flash           Conj/Hex       100%       N/A       1%          3
 Fulminant Prism          Conj/Hex       36%        3d17      1%          4
 Apportation              Tloc           26%        N/A       4%          1
 Blink                    Tloc           26%        N/A       6%          2
 Cigotuvi's Dreadful Rot  Necr/Pois/Air  26%        N/A       6%          2
 Ensorcelled Hibernation  Hex/Ice        26%        N/A       6%          2
 Passwall                 Tmut/Erth      10%        N/A       6%          2
 Call Canine Familiar     Summ           13%        N/A       13%         3
 Ozocubu's Armour         Ice            13%        N/A       13%         3
 Portal Projectile        Hex/Tloc       26%        N/A       13%         3
 Swiftness                Air            13%        N/A       13%         3
 Tukima's Dance           Hex            13%        N/A       13%         3
 Iron Shot                Conj/Erth      36%        9d7       22%         6
 Leda's Liquefaction      Hex/Erth       6%         N/A       38%         4
 Passage of Golubria      Tloc           13%        N/A       38%         4
 Alistair's Intoxication  Tmut/Pois      8%         N/A       75%         5
 Blade Hands              Tmut           6%         N/A       75%         5
 Metabolic Englaciation   Hex/Ice        6%         N/A       75%         5
 Silence                  Hex/Air        6%         N/A       75%         5
 Yara's Violent Unravell  Hex/Tmut       6%         3d5       75%         5
 Spellforged Servitor     Conj/Summ      36%        N/A       77%         7
 Simulacrum               Ice/Necr       6%         N/A       100%        6
 Lehudib's Crystal Spear  Conj/Erth      36%        10d9      100%        8


Dungeon Overview and Level Annotations

Branches:
Dungeon (12/15)            Temple (1/1) D:7            Lair (0/5) D:8
    Orc (0/2) D:12

Altars:
Ashenzari
Cheibriados
Dithmenos
Elyvilon
Fedhas
Gozag
Hepliaklqana
Kikubaaqudgha
Makhleb
Nemelex Xobeh
Okawaru
Qazlal
Ru
Sif Muna
Trog
Uskayaw
Vehumet
Wu Jian
Yredelemnul
Zin
The Shining One

Shops:
D:5 *   D:7 *   D:10 [

Portals:
Trove: D:10 (give +5 fire dragon scales)


Message History

The centaur warrior is lightly wounded. (Press . to maintain the ray.)
The centaur warrior shoots an arrow.
The arrow hits you but does no damage.
You swap places.
The centaur warrior shoots an arrow.
The arrow hits your battlesphere!!
Casting: Searing Ray (safe; 0% risk of failure)
Confirm with . or Enter, or press ? or * to list all spells.
Aiming: Searing Ray (safe; 0% risk of failure)
Press: ? - help, Shift-Dir - straight line, f/p - centaur warrior
Aim: a centaur warrior, wielding a +0 shortbow (lightly wounded, 87% to hit)
You feel a surge of power!
The searing ray hits the centaur warrior!
The centaur warrior is moderately wounded. (Press . to maintain the ray.)
Your battlesphere fires!
The barrage of energy hits the centaur warrior!!
The centaur warrior is severely wounded.
The centaur warrior shoots an arrow.
The arrow hits your battlesphere!
Your battlesphere is destroyed!
The centaur warrior shoots an arrow.
The arrow hits you!!
The searing ray hits the centaur warrior.
The centaur warrior is severely wounded.
The centaur warrior shoots an arrow.
The arrow barely misses you.
The searing ray hits the centaur warrior.
The centaur warrior is severely wounded.
The centaur warrior shoots an arrow.
The arrow hits you.
The centaur warrior shoots an arrow.
The arrow hits you!
* * * LOW HITPOINT WARNING * * *
You feel much better.
The centaur warrior shoots an arrow.
The arrow hits you!
Aiming: Fastroot
Press: ? - help, Shift-Dir - straight line, f/p - centaur warrior
Aim: a centaur warrior, wielding a +0 shortbow (severely wounded)
The roots erupt in riotous growth!
Roots grab the centaur warrior.
The grasping roots constrict the centaur warrior.
The centaur warrior shoots an arrow.
The arrow hits you!
* * * LOW HITPOINT WARNING * * *
The centaur warrior shoots an arrow.
The arrow hits you!
You die...
Fedhas appreciates your contribution to the ecosystem.

# #........#
##############'#####
.............>.#
#####.#######..###
......# #....#
####### ####.# #.#
#.# #@# #.# #.######
#.c....# #..)...#
#......## #.........
#......##. #......#


You could see a centaur warrior (rooted).

Vanquished Creatures
  A two-headed ogre (D:12)
  2 ugly things
  Maurice (D:10)
  A gargoyle (D:12)
  4 trolls
  Grinder (D:3)
  2 hornets
  A slime creature (D:8)
  A vampire (D:12)
  2 wyverns
  A wraith (D:12)
  25 yaks
  A steam dragon (D:8)
  2 basilisks (D:8)
  10 vampire mosquitoes
  4 water moccasins
  2 acid dragons
  Duvessa (D:4)
  3 orc warriors
  A black bear (D:7)
  A sky beast (D:6)
  An ogre (D:12)
  2 ice beasts (D:7)
  3 centaurs
  2 kobold brigands
  3 bullfrogs
  2 gnoll sergeants
  4 scorpions
  2 necrophages (D:5)
  8 wights
  Dowan (D:4)
  10 killer bees (D:9)
  A howler monkey (D:6)
  2 gnoll boudas (D:7)
  3 jellies
  6 orc priests
  A hound (D:6)
  6 iguanas
  8 orc wizards
  6 adders
  26 gnolls
  2 shadow imps
  An ufetubus (D:7)
  5 worms
  4 dart slugs
  32 orcs
  6 bats
  8 endoplasms
  2 giant cockroaches (D:1)
  5 goblins
  15 hobgoblins
  12 kobolds
  4 quokkas
  10 ball pythons
  A frilled lizard (D:1)
  7 rats
278 creatures vanquished.

Vanquished Creatures (others)
  13 fungi
  11 plants (D:8)
24 creatures vanquished.

Grand Total: 302 creatures vanquished

Notes
Turn   | Place    | Note
-------+----------+-------------------------------------------
     0 | D:1      | Lanoc the Deep Elf Conjurer began the quest for the Orb.
     0 | D:1      | Reached XP level 1. HP: 10/10 MP: 6/6
   174 | D:1      | Reached XP level 2. HP: 15/15 MP: 1/8
   612 | D:1      | Reached skill level 5 in Conjurations
  1195 | D:2      | Reached XP level 3. HP: 16/19 MP: 3/9
  1198 | D:2      | Learned a level 2 spell: Searing Ray
  1998 | D:2      | Reached XP level 4. HP: 24/24 MP: 8/10
  2375 | D:3      | Reached skill level 6 in Conjurations
  2503 | D:3      | Reached XP level 5. HP: 28/28 MP: 4/11
  3051 | D:3      | Noticed Grinder
  3061 | D:3      | Killed Grinder
  3062 | D:3      | Reached skill level 5 in Dodging
  3062 | D:3      | Reached skill level 7 in Conjurations
  3062 | D:3      | Reached XP level 6. HP: 32/32 MP: 1/12
  3165 | D:3      | Learned a level 5 spell: Iskenderun's Battlesphere
  3502 | D:4      | Noticed Duvessa
  3925 | D:4      | Reached skill level 8 in Conjurations
  3925 | D:4      | Reached XP level 7. HP: 26/36 MP: 0/13
  4126 | D:4      | Noticed Dowan
  4129 | D:4      | Killed Dowan
  4470 | D:4      | Killed Duvessa
  4691 | D:4      | Found an iron altar of Okawaru.
  4744 | D:5      | Entered Level 5 of the Dungeon
  4891 | D:5      | Reached skill level 9 in Conjurations
  5307 | D:5      | Found Fyxorr's General Store.
  5314 | D:5      | Bought a potion of heal wounds for 65 gold pieces
  5662 | D:5      | Reached XP level 8. HP: 34/41 MP: 5/14
  6345 | D:6      | Reached skill level 10 in Conjurations
  7641 | D:7      | Found a staircase to the Ecumenical Temple.
  7652 | Temple   | Entered the Ecumenical Temple
  8042 | Temple   | Became a worshipper of Fedhas Madash
  8146 | D:7      | Reached skill level 11 in Conjurations
  8147 | D:7      | Reached XP level 9. HP: 45/45 MP: 3/15
  8227 | D:7      | Reached skill level 12 in Conjurations
  8811 | D:7      | Found Fonken's Neck Hole.
  8969 | D:7      | Reached * piety under Fedhas
  8970 | D:7      | Reached skill level 13 in Conjurations
  9086 | D:7      | Got Icoapipp's Easy Thaumaturgy
  9247 | D:7      | Reached skill level 10 in Dodging
  9743 | D:8      | Reached XP level 10. HP: 50/50 MP: 7/17
 10163 | D:8      | Reached ** piety under Fedhas
 10164 | D:8      | Reached skill level 5 in Spellcasting
 10201 | D:7      | Reached skill level 14 in Conjurations
 10311 | D:8      | Noticed a green ugly thing
 10320 | D:8      | Killed a green ugly thing
 10419 | D:8      | Found a staircase to the Lair.
 11009 | D:9      | Learned a level 4 spell: Iskenderun's Mystic Blast
 11240 | D:9      | Identified the +0 pair of gloves of the Sea {Dex+3}
 11545 | D:9      | Reached XP level 11. HP: 54/54 MP: 13/23
 11692 | D:9      | Reached *** piety under Fedhas
 11693 | D:9      | Reached skill level 15 in Conjurations
 12090 | D:10     | Entered Level 10 of the Dungeon
 12195 | D:10     | Noticed a vault guard
 12230 | D:10     | Noticed Maurice
 12242 | D:10     | Killed Maurice
 12497 | D:10     | Found a portal to a secret trove of treasure.
 12764 | D:10     | Found Fony's Antique Armour Shop.
 13700 | D:11     | Noticed a centaur warrior
 13739 | D:12     | Reached skill level 16 in Conjurations
 13807 | D:12     | Noticed a two-headed ogre
 13808 | D:12     | Noticed a purple ugly thing
 13813 | D:12     | Killed a two-headed ogre
 13817 | D:12     | Killed a purple ugly thing
 13817 | D:12     | Reached **** piety under Fedhas
 13973 | D:12     | Noticed a deep elf pyromancer
 13973 | D:12     | Noticed a boulder beetle
 14281 | D:12     | Found a staircase to the Orcish Mines.
 14461 | D:11     | Shot with an arrow by a centaur warrior

Illustrated notes

Levels and vault maps discovered:
D:1:      nicolae_arrival_somewhat_less_tricky_arrival, layout_basic,
          minmay_liquid_box, minmay_indecisive_spiral
D:2:      layout_loops_ring
D:3:      layout_basic, uniq_grinder
D:4:      minmay_opposing_rooms, layout_rooms, nicolae_overflow_hidden_temple,
          serial_aquarium, aquarium_bridge_straight [aquarium_subvault_bridge,
          aquarium_subvault_wall, aquarium_subvault_bridge,
          aquarium_subvault_wall], aquarium_bridge_square
          [aquarium_subvault_balcony, aquarium_subvault_bridge,
          aquarium_subvault_wall, aquarium_subvault_bridge],
          aquarium_window_corridor_1, aquarium_window_corner,
          aquarium_window_fake, aquarium_window_2, aquarium_view_2c,
          aquarium_view_2c, aquarium_pool_corner, uniq_duvessa
D:5:      layout_loops_ring, serial_shops, shop, chequers_jeans, minivault_26
D:6:      layout_gridville
D:7:      layout_basic, temple_green, nicolae_shop_sticking_my_neck_out
D:8:      minmay_blocky_corners, layout_rooms, minmay_lair_entry_grove
D:9:      layout_basic
D:10:     layout_stronghold, serial_shops, nicolae_shop_hallway_plus,
          enter_trove_5, kennysheep_potato, uniq_maurice
D:11:     wad_guarded_room, layout_basic, grunt_ministairs_2, uniq_nergalle
D:12:     layout_gridville, erik_orc_3
Temple:   mainiacjoe_temple_cubbyholes

Skill      XL: |  1  2  3  4  5  6  7  8  9 10 11 |
---------------+----------------------------------+-----
Conjurations   | 5 6 7 8 9 11 13 14 16 | 16.4
Dodging        | 3 4 5 6 8 10 11 12 | 12.7
Spellcasting   | 7 9 |  9.4
Stealth        | |  2.4

Action                   |  1- 3 |  4- 6 |  7- 9 | 10-12 || total
-------------------------+-------+-------+-------+-------++-------
Melee: Unarmed           |       |     1 |    12 |       ||    13
       Punch             |       |       |     1 |       ||     1
       Spear             |       |       |    15 |     5 ||    20
 Cast: Magic Dart        |    69 |    42 |   112 |    90 ||   313
       Searing Ray       |     4 |    11 |    32 |    41 ||    88
       Iskenderun's Batt |       |     3 |    33 |    38 ||    74
Evoke: Wand              |       |       |       |     1 ||     1
  Use: Scroll            |       |       |     2 |    11 ||    13
       Potion            |       |       |       |     1 ||     1
Armor: Robe              |       |       |    24 |    12 ||    36
Dodge: Dodged            |     1 |    10 |    69 |    58 ||   138

Table legend: (Time is in decaauts)
 A = Elapsed time spent in this place.
 B = Non-inter-level travel time spent in this place.
 C = Inter-level travel time spent in this place.
 D = Time resting spent in this place.
 E = Time spent auto-exploring this place.
 F = Levels seen in this place.
 G = Mean time per level.
                   A        B        C        D        E       F      G
               +--------+--------+--------+--------+--------+-----+--------+
         Total |  14463 |  13653 |    810 |    402 |  11684 |  13 | 1112.5 |
       Dungeon |  14024 |  13300 |    724 |    402 |  11341 |  12 | 1168.7 |
        Temple |    439 |    353 |     86 |      0 |    343 |   1 |  439.0 |
               +--------+--------+--------+--------+--------+-----+--------+

Top non-repeatable levels by time:
     D:7: 1864 daAuts
     D:5: 1512 daAuts
    D:10: 1412 daAuts
     D:3: 1290 daAuts
     D:6: 1268 daAuts
     D:9: 1202 daAuts
     D:4: 1192 daAuts
     D:1: 1189 daAuts
     D:2: 1069 daAuts
     D:8: 1064 daAuts
    D:12: 718 daAuts
  Temple: 439 daAuts
    D:11: 239 daAuts
